 Dungeon Crawl Stone Soup version 0.29.1-1-gd02db6906a (webtiles) character file.

Game seed: 7648614576757473494

51 fireball365 the Digger (level 3, -1/19 HPs)
             Began as a Deep Elf Earth Elementalist on Oct 8, 2022.
             Was an Initiate of Yredelemnul.
             Slain by an orc
             ... wielding a +0 club
              (3 damage)
             ... on level 2 of the Dungeon.
             The game lasted 00:10:40 (2044 turns).

fireball365 the Digger (DEEE)                       Turns: 2044, Time: 00:10:43

Health: -1/19      AC:  4    Str:  7    XL:     3   Next: 58%
Magic:  10/10      EV: 12    Int: 19    God:    Yredelemnul [......]
Gold:   140        SH:  0    Dex: 15    Spells: 8/9 levels left

rFire   . . .      SeeInvis +   s - +1 sling (flame)
rCold   . . .      Faith    .   t - orb {light}
rNeg    . . .      Spirit   .   h - +0 leather armour
rPois   .          Reflect  .   (no helmet)
rElec   .          Harm     .   (no cloak)
rCorr   .          Rampage  .   (no gloves)
Will    .....                   m - +0 pair of boots
Stlth   +.........              n - amulet of the acrobat
HPRegen 0.06/turn               d - ring of see invisible
MPRegen 0.12/turn               (no ring)

@: about to teleport, weak-willed, glowing
A: no striking features
a: Renounce Religion, Recall Undead Harvest


You were on level 2 of the Dungeon.
You worshipped Yredelemnul.
Yredelemnul was noncommittal.
You visited 1 branch of the dungeon, and saw 3 of its levels.

You collected 140 gold pieces.

Inventory:

Hand Weapons
 i - a +2 dagger of speed
 l - a +0 hand axe
 p - a +0 flail
 r - a +1 dagger of draining
 s - a +1 sling of flaming (weapon)
 w - a +0 hand axe
 x - a +0 flail
 y - a +0 falchion
Missiles
 g - 15 stones
 j - 2 poisoned darts
Armour
 a - a +0 robe
 c - a +0 ring mail
 h - a +0 leather armour (worn)
 m - a +0 pair of boots (worn)
 q - a +0 ring mail
 t - an orb of light (worn)
Jewellery
 d - a ring of see invisible (left hand)
 n - an amulet of the acrobat (around neck)
Potions
 b - a potion of magic
 e - a potion of lignification {unknown}
 k - a potion of resistance
 o - a potion of invisibility {unknown}
 v - 2 potions of curing {unknown}


   Skills:
 + Level 0.7 Ranged Weapons
 + Level 0.1 Armour
 + Level 2.9 Dodging
 + Level 2.7 Stealth
 + Level 3.8 Spellcasting
 + Level 1.1 Transmutations
 + Level 4.1 Earth Magic


You had 8 spell levels left.
You knew the following spells:

 Your Spells              Type           Power      Damage    Failure   Level
a - Sandblast             Erth           38%        2d10      3%          1

Your spell library contained the following spells:

 Spells                   Type           Power      Damage    Failure   Level
 Passwall                 Tmut/Erth      10%        N/A       11%         2
 Stone Arrow              Conj/Erth      22%        3d8       26%         3
 Petrify                  Tmut/Erth      13%        N/A       56%         4


Dungeon Overview and Level Annotations

Branches:
Dungeon (3/15)

Altars:
Yredelemnul

Shops:
D:1 *(*


Message History

The orc closely misses you.
You climb upwards.
There is a stone staircase leading down here.
You shoot a sling bullet. The sling bullet hits the orc.
The sling bullet burns the orc.
You kill the orc!
The dead are walking!
No target in view!
No target in view!
No target in view!
You swap places.
You see here a +0 falchion.
y - a +0 falchion
There is a stone staircase leading down here.
You can't go up here!
You climb downwards.
Your mindless puppet stays behind to rot.
The orc barely misses you. The orc hits you but does no damage. x2
The orc hits you with a +0 short sword.
There is a stone staircase leading up here.
The orc hits you with a +0 club. x2; The orc closely misses you.
The orc hits you but does no damage. The orc closely misses you.
The orc hits you but does no damage.
The endoplasm hits you but does no damage.
You climb upwards.
Your orc zombie crumbles into dust!
There is a stone staircase leading down here.
As you read the scroll labelled VUSOSS SYEROTO, it crumbles to dust.
Magic quickly surges around you.
It was a scroll of vulnerability.
The orc hits you with a +0 morningstar. The orc hits you with a +0 short sword.
* * * LOW HITPOINT WARNING * * *
The orc hits you but does no damage. The orc closely misses you.
The endoplasm completely misses you.
As you read the scroll of teleportation, it crumbles to dust.
You feel strangely unstable. The orc closely misses you.
The orc hits you with a +0 short sword.
* * * LOW HITPOINT WARNING * * *
The orc hits you with a +0 club.
You die...
Your body rises from the dead as a mindless zombie.

.......# ###....#####.#..#.#
.......# #......#.....#..#.#
.......####......#.....#..#.##
............^...##.....~P~P..#
..........)#....#....P~~~P†~.#
...........#...##...PP~~♣~~P.#
..........##...#...P~~P♣♣♣♣P.#
.......####...##oJ...P~♣ ♣P~.#
.........##...#o@oo..~~♣ ♣~~P#
#........#....#oo....P♣♣♣♣~~P##
#.......##....#...#.#~~♣~~~~~P#
#.......#.....#..)#...P~~~~P.##
#.......#.....#...####.PP~#..#
#.......#_....#...# ######.##
#.......#.....#...# #.#
#.......#....##...# #.#
#.......##...##...# #.#


You could see 6 orcs and an endoplasm (weak-willed).

Vanquished Creatures
  A worm (D:2)
  A dart slug (D:1)
  An orc (D:2)
  2 endoplasms (D:1)
  3 giant cockroaches
  4 goblins (D:2)
  4 hobgoblins
  7 jackals
  3 quokkas
  2 ball pythons
  2 bats
  2 frilled lizards
  4 kobolds
  4 rats
40 creatures vanquished.

Vanquished Creatures (others)
  A plant (D:2)
1 creature vanquished.

Grand Total: 41 creatures vanquished

Notes
Turn   | Place    | Note
-------+----------+-------------------------------------------
     0 | D:1      | fireball365 the Deep Elf Earth Elementalist began the quest
                  | for the Orb.
     0 | D:1      | Reached XP level 1. HP: 10/10 MP: 6/6
   253 | D:1      | Reached XP level 2. HP: 15/15 MP: 4/8
   263 | D:1      | Found Xihulef's Antique Weapon Emporium.
   539 | D:1      | Found Gajor's Assorted Antiques.
   612 | D:1      | Found Qotsof's Assorted Antiques.
  1028 | D:2      | Found a faded altar of an unknown god.
  1220 | D:2      | Reached skill level 4 in Earth Magic
  1220 | D:2      | Reached XP level 3. HP: 12/19 MP: 2/10
  1961 | D:2      | Prayed at the altar of an unknown god.
  1961 | D:2      | Became a worshipper of Yredelemnul the Dark
  1961 | D:2      | Reached * piety under Yredelemnul
  2044 | D:2      | Slain by an orc

Illustrated notes

Levels and vault maps discovered:
D:1:      minmay_arrival_open_corners, layout_loops_corners, serial_shops, shop,
          shop, shop_statue, minmay_heptomino_h4
D:2:      minmay_evil_eye, layout_basic, hellmonk_ecumenical_altar_zigzags,
          serial_bayou_pond_c
D:3:      layout_rooms, mainiacjoe_overflow_chevrons,
          mainiacjoe_overflow_boulevard, minivault_23

Skill      XL: |  1  2 |
---------------+-------+-----
Earth Magic    | 4 |  4.1
Ranged Weapons | |  0.7
Armour         | |  0.1
Dodging        | |  2.9
Stealth        | |  2.7
Spellcasting   | |  3.8
Transmutations | |  1.1

Action                   || total
-------------------------++-------
Melee: Unarmed           ||     4
       Sling             ||    36
 Fire: Sling             ||    31
 Cast: Sandblast         ||    39
  Use: Scroll            ||     6
Armor: Robe              ||     1
       Leather armour    ||    17
Dodge: Dodged            ||    52
